[Event "*** Titled Tuesday Blitz"]
[Site "Chess.com"]
[Date "2021.02.09"]
[Round "10"]
[White "Etud-otradnoe"]
[Black "Eternauta2400"]
[Result "1/2-1/2"]
[WhiteElo "2301"]
[BlackElo "2368"]
[TimeControl "180+1"]
[EndTime "11:56:44 PST"]
[Termination "Game drawn - insufficient material"]

1. e4 c5 2. c3 d5 3. exd5 Qxd5 4. d4 Nc6 5. Nf3 g6 6. dxc5 Qxd1+ 7. Kxd1 Bg7 8. Be3 Nf6 9. Bb5 O-O 10. Nbd2 Be6 11. Ke2 h6 12. Nd4 Nxd4+ 13. Bxd4 Rfd8 14. Rhd1 a6 15. Bc4 Nd5 16. Bxg7 Kxg7 17. g3 Rac8 18. Bxd5 Rxd5 19. b4 Rcd8 20. f3 Re5+ 21. Ne4 Rxd1 22.
Kxd1 f5 23. Nd2 Re3 24. Kc2 Re2 25. a4 Rxh2 26. b5 a5 27. Kd3 Rg2 28. Re1 Kf6 29. b6 g5 30. c4 Bd7 31. Nb3 Rxg3 32. Nxa5 Rxf3+ 33. Ke2 Rf4 34. c6 Bxc6 35. Nxc6 Rxc4 36.
Nd8 Rxa4 37. Rb1 Re4+ 38. Kd3 e5 39. Nxb7 Rd4+ 40. Kc3 g4 41. Nc5 Rd5 42. Kc4 Rd4+ 43. Kb5 Rd8 44. b7 h5 45. Kc6 h4 46. b8=Q Rxb8 47.
Rxb8 h3 48. Kd6 g3 49. Rf8+ Kg5 50. Kxe5 h2 51. Rh8 g2 52. Rg8+ Kh4 53. Rxg2 h1=Q 54. Rg6 Qa1+ 55. Kxf5 Kh5 56. Rg5+ Kh4 57. Ne4 Qb1 58. Kf4 Kh3 59. Rg4 Qe1 60. Rg3+ Qxg3+ 61. Nxg3 1/2-1/2

[Event "*** Titled Tuesday Blitz"]
[Site "Chess.com"]
[Date "2021.02.09"]
[Round "10"]
[White "ailime26"]
[Black "Michaelson_11"]
[Result "1/2-1/2"]
[WhiteElo "2125"]
[BlackElo "2274"]
[TimeControl "180+1"]
[EndTime "11:56:48 PST"]
[Termination "Game drawn - insufficient material"]

1. e4 c5 2. Nf3 Nc6 3. d4 cxd4 4. Nxd4 g6 5. Nc3 Bg7 6. Nxc6 bxc6 7. Bd2 Nf6 8. Bd3 O-O 9. O-O d6 10. f4 Qb6+ 11. Kh1 Qxb2 12. Rb1 Qa3 13. e5 dxe5 14.
fxe5 Ng4 15. e6 Bxe6 16. h3 Bxc3 17. hxg4 Bxd2 18. Qxd2 Bxg4 19. Qh6 Qxa2 20. Rb4 Qe6 21. Rff4 Qe1+ 22. Kh2 Be6 23. Rh4 Qe5+ 24. Rbf4 Qg7 25.
Qg5 h6 26. Rxh6 f6 27. Qxg6 Qxg6 28. Rxg6+ Kf7 29. Rh6 Rh8 30. Rfh4 Rxh6 31. Rxh6 f5 32.
Rh7+ Kf6 33. Rh6+ Ke5 34. Rh7 Re8 35. Rh4 c5 36. Ra4 Rh8+ 37. Kg3 Ra8 38. Ra6 Kd5 39.
Be2 Ke5 40. Rc6 Rg8+ 41. Kf2 Bd5 42. Rxc5 Kd4 43. Ra5 Ra8 44. Rxd5+ Kxd5 45. Bf3+ Kc4 46. Bxa8 Kc3 47. Kf3 e5 48. Bd5 Kxc2 49. Be6 f4 50. Ke4 Kd2 51. Kxe5 Ke3 52. Bd5 a5 53. Kd6 Kd4 54. Bf3 a4 55. Bd5 a3 56. Kc6 Ke3 57.
Kc5 Kf2 58. Kd4 a2 59. Bxa2 Kxg2 60. Bd5+ f3 61. Ke3 Kg3 62. Bxf3 1/2-1/2

[Event "*** Titled Tuesday Blitz"]
[Site "Chess.com"]
[Date "2021.02.09"]
[Round "10"]
[White "Grandmaster2B"]
[Black "DvaHrasta"]
[Result "0-1"]
[WhiteElo "2510"]
[BlackElo "2430"]
[TimeControl "180+1"]
[EndTime "11:56:49 PST"]
[Termination "DvaHrasta won by checkmate"]

1. e4 c6 2. d4 d5 3. exd5 cxd5 4. c3 Nc6 5. Bd3 g6 6. Nf3 Nh6 7. O-O f6 8. Re1 Nf7 9. Bf4 Bg7 10. c4 dxc4 11. Bxc4 O-O 12. Nc3 a6 13. a3 b5 14.
Ba2 Bb7 15. d5 Na5 16. Nd4 Re8 17. Ne6 Qd7 18. Nc7 Nc4 19. Nxa8 Bxa8 20. Qe2 g5 21. Bg3 f5 22. h3 f4 23. Qe6 Qxe6 24. dxe6 Nfe5 25. Bh2 Nd3 26. Re2 Ndxb2 27. Nd1 Nd3 28. Rb1 Rd8 29. Bxc4 bxc4 30. Rc2 Bd5 31. Nc3 Bxe6 32.
Ne4 h6 33. Rb6 Bf5 34. Rxc4 Nb2 35. Rc1 Bxe4 36. h4 Rd2 37. hxg5 hxg5 38. Re1 Nd3 39.
Bxf4 gxf4 40. Rxe4 Bf6 41. Rb1 Kf7 42. Rf1 Kg6 43.
Ra4 Kf5 44. g3 f3 45. Kh2 Nxf2 46. Rf4+ Kg5 47. Rxf3 Ng4+ 48. Kh1 Rh2+ 49. Kg1 Bd4+ 50. R1f2 Bxf2+ 51. Kf1 Bxg3 52. Rxg3 Ra2 53. Rb3 e5 54. Rb6 Kf4 55. Rxa6 e4 56. a4 Ne3+ 57. Ke1 Ra1+ 58. Ke2 Ra2+ 59. Ke1 Nc4 60. Rf6+ Ke3 61. Kf1 Rxa4 62. Re6 Nd2+ 63. Ke1 Nf3+ 64. Kf1 Ra1+ 65. Kg2 Rg1+ 66. Kh3 Ng5+ 67. Kh2 Nxe6 68. Kxg1 Kd2 69. Kf2 e3+ 70. Kf3 e2 71. Ke4 e1=Q+ 72. Kd5 Qe3 73. Kd6 Qd4+ 74. Kxe6 Qe3+ 75. Kf5 Ke2 76. Kg4 Kd3 77. Kh4 Kd4 78. Kg4 Ke5 79. Kh4 Qe4+ 80.
Kg3 Qf5 81. Kg2 Ke4 82. Kg1 Ke3 83. Kh1 Kf2 84. Kh2 Qh5# 0-1

[Event "*** Titled Tuesday Blitz"]
[Site "Chess.com"]
[Date "2021.02.09"]
[Round "10"]
[White "rpragchess"]
[Black "Alexander_Moskalenko"]
[Result "1-0"]
[WhiteElo "2874"]
[BlackElo "2802"]
[TimeControl "180+1"]
[EndTime "11:56:50 PST"]
[Termination "rpragchess won on time"]

1. Nc3 d5 2. d3 d4 3. Nb1 Nf6 4. g3 c6 5. Bg2 e5 6. Nf3 Bd6 7. Bg5 Nbd7 8. c3 h6 9. Bd2 dxc3 10. Nxc3 O-O 11. O-O Re8 12. Be3 Nd5 13. Nxd5 cxd5 14. Rc1 Nf6 15. d4 e4 16. Ne5 Nd7 17. Qb3 Nxe5 18. dxe5 Bxe5 19. Rfd1 Be6 20. Bxe4 dxe4 21. Rxd8 Bxb3 22. Rxe8+ Rxe8 23. axb3 a6 24. Rc2 f5 25. b4 Kf7 26. b5 g5 27. bxa6 bxa6 28. Rc6 Re6 29. Rc2 Kg6 30. Kg2 f4 31. Bc5 Kf5 32. f3 h5 33. b4 e3 34. Rc4 Rc6 35. Re4 a5 36. gxf4 gxf4 37. Bxe3 fxe3 38. bxa5 Bf4 39. Ra4 Rc2 40. Kf1 Rc1+ 41. Kg2 Rc2 42. Kf1 Bxh2 43.
a6 Bb8 44. a7 Bxa7 45. Rxa7 Rc1+ 46. Kg2 Re1 47. Ra2 h4 48. Kh3 Kf4 49. Ra4+ Kf5 50.
Ra2 Rh1+ 51. Kg2 Re1 52. Ra5+ Kf4 53. Ra4+ Kf5 54. Ra2 Kg5 55. Rb2 Kf4 56. Rc2 Rd1 57. Rc4+ Kf5 58. Re4 Rd7 59. Rxe3 Rg7+ 60. Kh3 Rg1 61.
Kxh4 Kf4 62. Re4+ Kf5 63. Kh3 Rh1+ 64. Kg2 Re1 65. Kf2 Ra1 66. Ke3 Ra6 67. Rf4+ Ke5 68. Rg4 Kf5 69. Re4 Ra4 70. Rxa4 1-0

[Event "*** Titled Tuesday Blitz"]
[Site "Chess.com"]
[Date "2021.02.09"]
[Round "10"]
[White "Taran2004"]
[Black "Dii210"]
[Result "0-1"]
[WhiteElo "2468"]
[BlackElo "2361"]
[TimeControl "180+1"]
[EndTime "11:56:50 PST"]
[Termination "Dii210 won by resignation"]

1. Nf3 d5 2. g3 Nf6 3. Bg2 c5 4.
O-O Nc6 5. c4 d4 6. d3 e5 7. a3 Bd6 8. b4 cxb4 9. axb4 Nxb4 10. Ba3 Nc6 11. Qa4 O-O 12. Nbd2 Be6 13. Ng5 Bxa3 14. Rxa3 Bd7 15. Qb3 h6 16. Nge4 Nxe4 17. Nxe4 Qc7 18. Rfa1 b6 19. Rc1 f5 20. Nd6 Kh7 21.
Nb5 Qd8 22. Rca1 a5 23. e3 dxe3 24. fxe3 Rb8 25. Rf1 Nb4 26. Qb1 Bxb5 27. cxb5 g6 28. g4 Qg5 29. gxf5 Qxe3+ 30. Kh1 gxf5 31. Rc3 Rf7 32. Re1 Qd4 33. Rc4 Qxd3 34. Rxb4 Qc3 35. Rb3 Qc5 36. Rf3 Rbf8 37. Rc1 Qd4 38. Rc6 e4 39.
Rh3 Rf6 40. Rxf6 Rxf6 41. Qc1 f4 42. Qc7+ Kg6 43. Qc2 Re6 44. Rc3 Qe5 45. Rc6 Kg5 46. Rxe6 Qxe6 47. Bxe4 Qd6 48. Qg2+ Kf6 49. Qg6+ Ke5 50.
Qf5+ Kd4 51. Bf3 Qe5 52. Qd7+ Ke3 53. Kg2 Qg5+ 54. Bg4 h5 55. Qe6+ Kd3 56. Qd6+ Kc4 57. Qc6+ Kb4 58. Qxb6 Qxg4+ 59. Kf2 Qf5 60. Qd4+ Kxb5 61.
Qb2+ Kc6 62. Qc3+ Qc5+ 63. Qxc5+ Kxc5 64. Kf3 a4 65. Kxf4 a3 66. Kg5 a2 67. Kxh5 a1=Q 0-1

[Event "*** Titled Tuesday Blitz"]
[Site "Chess.com"]
[Date "2021.02.09"]
[Round "10"]
[White "hansen"]
[Black "Arseniy_Nesterov"]
[Result "0-1"]
[WhiteElo "2939"]
[BlackElo "2827"]
[TimeControl "180+1"]
[EndTime "11:56:52 PST"]
[Termination "Arseniy_Nesterov won on time"]

1. e4 e5 2. Nf3 Nc6 3. Bb5 a6 4. Ba4 b5 5. Bb3 Na5 6. O-O d6 7. d4 exd4 8. Nxd4 Bb7 9. c4 c5 10. Nf5 g6 11. Ne3 Bg7 12. Nc3 Nf6 13. cxb5 axb5 14. Nxb5 O-O 15. Nxd6 Nxb3 16. Qxb3 Qxd6 17. Qxb7 Rfb8 18. e5 Qxe5 19. Qf3 Qe4 20. Rd1 Qxf3 21. gxf3 Nh5 22. Rd2 Nf4 23. Rc2 Nd3 24. Kf1 Nxc1 25. Raxc1 Rxb2 26. Rxb2 Bxb2 27. Rc2 Bd4 28. Nc4 Kg7 29.
f4 Kf6 30. Kg2 Ke6 31. Re2+ Kf6 32. Kf3 Ra4 33. Nb6 Ra3+ 34. Ke4 Ke6 35. f5+ Kf6 36. Kf4 g5+ 37. Ke4 Kg7 38. Nc4 Ra4 39. Kd5 Kf6 40. Nd6 g4 41. Re4 h5 42. h3 Rxa2 43.
hxg4 hxg4 44. Rxg4 Rxf2 45. Ne4+ Kxf5 46. Nxf2 Bxf2 47. Rg7 f6 48. Rf7 Bd4 49. Rf8 Kg5 50. Ke4 Kg6 51. Rg8+ Kf7 52. Rc8 Ke6 53. Rc6+ Kf7 54.
Kf5 Ke7 55. Ra6 Kd7 56. Ke4 Ke7 57. Kd5 Kf7 58. Ra7+ Kg6 59. Ke6 Kg5 60. Rg7+ Kf4 61. Kd5 f5 62. Rf7 Kg4 63. Kc4 f4 64. Kd3 f3 65. Ke4 f2 66. Kd3 Kg3 67. Ke2 Kg4 68. Rf8 Kg5 69. Rg8+ Kf5 70. Rf8+ Ke4 71. Re8+ Kd5 72.
Rd8+ Kc4 73. Rf8 Kc3 0-1

[Event "*** Titled Tuesday Blitz"]
[Site "Chess.com"]
[Date "2021.02.09"]
[Round "10"]
[White "MasterMK73"]
[Black "dosto07"]
[Result "1/2-1/2"]
[WhiteElo "2230"]
[BlackElo "2378"]
[TimeControl "180+1"]
[EndTime "11:56:56 PST"]
[Termination "Game drawn by repetition"]

1. e4 e5 2. Nc3 Nf6 3. g3 d5 4. exd5 Nxd5 5. Bg2 Nxc3 6. bxc3 Nc6 7. Nf3 Bc5 8. O-O O-O 9. d3 Bg4 10. Rb1 Bb6 11. Re1 Qd7 12. h3 Bxh3 13. Nxe5 Nxe5 14. Rxe5 Bxg2 15. Kxg2 Rfe8 16. Rxe8+ Rxe8 17. Bf4 Qd5+ 18.
Qf3 Qxa2 19. Rc1 c6 20. d4 Qd5 21. Qxd5 cxd5 22. Rb1 Rc8 23. Bd2 f6 24. Rb5 Rd8 25. Kf3 Kf7 26. Ke3 Ke6 27. Kd3 Rc8 28. Bc1 g5 29.
Ba3 h5 30. Bc5 Rc6 31. Bxb6 Rxb6 32. Ra5 a6 33. Rc5 Rc6 34. Ra5 Rc8 35. Ra1 Kf5 36.
Rb1 b5 37. Ra1 Rc6 38. f3 h4 39. Rg1 hxg3 40. Rxg3 Kf4 41. Rh3 Re6 42. Kd2 f5 43. Rh5 Rg6 44. Ke2 Rc6 45. Kd2 Kxf3 46. Rxg5 Kf4 47. Rg1 Rh6 48. Rf1+ Kg5 49. Rg1+ Kf6 50. Ra1 Rh2+ 51. Kd3 Rh3+ 52. Kd2 Rh2+ 53. Kd3 Rh3+ 54. Kd2 f4 55. Rxa6+ Kf5 56. Rb6 Ke4 57. Rxb5 Rh2+ 58. Kd1 f3 59. Rb8 Ke3 60. Re8+ Kf2 61. Kd2 Rh5 62. Rg8 Rf5 63. c4 dxc4 64. c3 Kf1 65.
Ke3 f2 66. Ke4 Rf7 67. Ke3 Re7+ 68. Kd2 Re2+ 69. Kd1 Re1+ 70. Kd2 Re2+ 71. Kd1 Re1+ 72.
Kd2 Re2+ 1/2-1/2

[Event "*** Titled Tuesday Blitz"]
[Site "Chess.com"]
[Date "2021.02.09"]
[Round "10"]
[White "TeukkaSalama"]
[Black "Gusarov91"]
[Result "1/2-1/2"]
[WhiteElo "2378"]
[BlackElo "2246"]
[TimeControl "180+1"]
[EndTime "11:56:58 PST"]
[Termination "Game drawn - insufficient material"]

1. d4 Nf6 2. Bf4 d6 3. e3 g6 4. h3 Bg7 5. Nf3 O-O 6. Be2 c5 7. c3 Qb6 8. Qb3 Nbd7 9. Nbd2 Qxb3 10. axb3 b6 11. O-O Bb7 12. Rfe1 Nd5 13. Bg3 e5 14.
Nc4 cxd4 15. Nxd6 Bc6 16. exd4 exd4 17. Nxd4 Bxd4 18. cxd4 N7f6 19. Bf3 Nb4 20. Bxc6 Nxc6 21. Be5 Nd5 22. Ne4 f6 23. Bd6 Rfd8 24. Ba3 f5 25.
Ng5 Nxd4 26. Rad1 Nc2 27. Re2 Nxa3 28. bxa3 Nf4 29. Red2 Rxd2 30. Rxd2 h6 31. Nf3 Re8 32. Rd7 a5 33. Rb7 Re6 34. Nd4 Rd6 35. Nb5 Rd1+ 36. Kh2 Rd2 37. Rxb6 g5 38. Kg1 Rd1+ 39. Kh2 Rd2 40.
Rxh6 Rxf2 41. Ra6 Rxg2+ 42. Kh1 Rb2 43. Nd4 Nxh3 44. Nxf5 Rxb3 45. Rxa5 g4 46. Ra7 Kf8 47. a4 Ng5 48. Kg1 Rb2 49. a5 Nf3+ 50. Kf1 Rb5 51.
Nd6 Rb1+ 52. Kf2 Ne5 53. Kg3 Rb3+ 54. Kf4 g3 55. Ra8+ Ke7 56. Nf5+ Kf6 57. a6 Rb4+ 58. Kxg3 Kxf5 59. a7 Rb3+ 60. Kg2 Ra3 61. Rf8+ Ke4 62. a8=Q+ Rxa8 63. Rxa8 Nd3 64. Re8+ Kf4 65. Rf8+ Ke4 66. Kg3 Ne5 67. Re8 Kf5 68. Ra8 Ke4 69. Ra5 Kf5 70.
Ra4 Nd3 71. Kf3 Ne5+ 72. Ke3 Ng4+ 73. Kd3 Ne5+ 74. Kc3 Ke6 75. Ra5 Nc6 76. Ra6 Kd5 77.
Kb3 Nd4+ 78. Kb4 Nc6+ 79. Kb5 Nd4+ 80. Kb6 Kc4 81. Ra4+ Kd5 82. Ra5+ Kc4 83. Ra4+ Kd5 84. Ra1 Nb3 85. Rb1 Nd4 86. Rd1 Kc4 87. Kc7 Kd5 88.
Rc1 Nb3 89. Rc6 Nd4 90. Rd6+ Kc5 91. Rd8 Ne6+ 92. Kc8 Nxd8 1/2-1/2

[Event "*** Titled Tuesday Blitz"]
[Site "Chess.com"]
[Date "2021.02.09"]
[Round "10"]
[White "MergenKakabaev"]
[Black "OlifantCZ"]
[Result "0-1"]
[WhiteElo "2388"]
[BlackElo "2292"]
[TimeControl "180+1"]
[EndTime "11:57:01 PST"]
[Termination "OlifantCZ won on time"]

1. e4 e6 2. d4 d5 3. e5 c5 4. c3 Nc6 5. Nf3 Bd7 6. a3 f6 7. Bd3 Qc7 8. O-O O-O-O 9. Re1 Nge7 10. b4 c4 11. Bc2 f5 12. Ng5 Re8 13. Nf7 Rg8 14.
Nd6+ Kb8 15. Nxe8 Bxe8 16. h4 h6 17. h5 g5 18. hxg6 Nxg6 19. Nd2 Nh4 20. g3 f4 21. Nf1 fxg3 22. fxg3 Qg7 23. Ra2 Ne7 24. Bb1 Nhf5 25. Rg2 h5 26. Ree2 Qh7 27. Ref2 Bg6 28. Bf4 Nh6 29. Bxg6 Nxg6 30. Qxh5 Nxf4 31. Rxf4 Qg7 32.
Rgf2 Be7 33. Kg2 Nf5 34. Rxf5 exf5 35. Rxf5 Rh8 36. Qf3 Qh6 37. Rf7 Bg5 38. Kf2 Bc1 39. Ke2 Bxa3 40. Qf4 a6 41. Qxh6 Rxh6 42. g4 b6 43. g5 Rg6 44. Rf5 a5 45. bxa5 bxa5 46. Kd2 Be7 47. Nh2 Bxg5+ 48. Kc2 Kb7 49. Nf3 Bd8 50.
Rf7+ Kc6 51. Ra7 Rg2+ 52. Kb1 Kb5 53. e6 Ka4 54. Rb7 Rg3 55. Ne5 Rxc3 56. Nc6 Bh4 57.
Rh7 Bf6 58. Rf7 Bg5 59. Rf5 Bh4 60. Rf4 Bg5 61. Rf5 Bh4 62. Rxd5 Rd3 63. Rxa5+ Kb3 64. Rb5+ Kc3 65. d5 Kd2 0-1

[Event "*** Titled Tuesday Blitz"]
[Site "Chess.com"]
[Date "2021.02.09"]
[Round "10"]
[White "Kale36"]
[Black "WiktoriaPOL"]
[Result "1-0"]
[WhiteElo "2240"]
[BlackElo "2029"]
[TimeControl "180+1"]
[EndTime "11:57:02 PST"]
[Termination "Kale36 won on time"]

1. e4 d5 2. Nc3 d4 3. Nce2 e5 4. Nf3 Nc6 5. Ng3 Nf6 6. Bc4 Bd6 7. a3 O-O 8. d3 a5 9. O-O Nd7 10. Nf5 Nc5 11. N3h4 g6 12. Nh6+ Kg7 13. g3 Be6 14. Ng4 Bxc4 15. Bh6+ Kg8 16. Bxf8 Bxf8 17. dxc4 Nxe4 18.
Nf3 Bg7 19. Re1 f5 20. Nh4 Nd6 21. c5 Nf7 22. Nxe5 Nfxe5 23. f4 Ng4 24. Qe2 Ne3 25. Ng2 Nxg2 26. Qxg2 Qd7 27. Re2 Re8 28. Rae1 Rxe2 29. Qxe2 Kf7 30. Qc4+ Kf8 31. b4 axb4 32. axb4 Qf7 33.
Qxf7+ Kxf7 34. b5 Nb4 35. Re2 d3 36. cxd3 Nxd3 37. c6 bxc6 38. bxc6 Nb4 39. Rd2 Nxc6 40. Rd7+ Kf8 41. Rxc7 Nd4 42. Kf2 Ne6 43. Rb7 Kg8 44. h3 Bd4+ 45. Kf3 h6 46. g4 fxg4+ 47. hxg4 Bf6 48.
Ra7 Nd4+ 49. Ke4 Ne6 50. f5 gxf5+ 51. Kxf5 Bd4 52. Ra8+ Kf7 53. Rb8 Ng7+ 54. Ke4 Bf6 55. Rb6 Kg6 56. Kf4 Kf7 57. Ra6 Kg6 58. Ra7 Ne8 59.
Kg3 Kg5 60. Ra5+ Kg6 61. Kf4 Nc7 62. Ra7 Ne6+ 63. Kg3 Kg5 64. Ra5+ Kg6 65. Kf3 Nd4+ 66. Ke4 Ne6 67. Ra8 Nc5+ 68. Kd5 Nd7 69. Rg8+ Kh7 70.
Ra8 Kg6 71. Ke6 Ne5 72. Rg8+ Bg7 73. Kd5 Nf7 74. Ke4 Kf6 75. Kf4 1-0

[Event "*** Titled Tuesday Blitz"]
[Site "Chess.com"]
[Date "2021.02.09"]
[Round "10"]
[White "TomasKapitanchuk"]
[Black "nochewycandy"]
[Result "0-1"]
[WhiteElo "2512"]
[BlackElo "2655"]
[TimeControl "180+1"]
[EndTime "11:57:03 PST"]
[Termination "nochewycandy won by resignation"]

1. e4 g6 2. d4 Bg7 3. Nf3 d6 4. Nc3 a6 5. a4 b6 6. h3 e6 7. Bd3 Bb7 8. Bf4 h6 9. Qd2 Nd7 10. O-O Ne7 11. Rfe1 g5 12. Bg3 Ng6 13. d5 e5 14. Nh2 h5 15. f3 Nf6 16. Bf2 Bc8 17.
g4 hxg4 18. hxg4 Nf4 19. Bf1 Nh7 20. Ne2 Nxe2+ 21. Rxe2 Nf8 22. Bg3 Ng6 23. Rg2 Nf4 24.
Bxf4 exf4 25. c3 Rh4 26. Bd3 Bd7 27. Nf1 Be5 28. Rh2 Qf6 29. Rxh4 gxh4 30. Kf2 h3 31.
Nh2 Qh4+ 32. Kg1 Ke7 33. Qf2 Qg3+ 34. Kf1 Rh8 35. Ke2 a5 36. Bb5 Bxb5+ 37. axb5 Kf6 38. Rg1 Qxf2+ 39. Kxf2 Kg5 40. Ra1 Kh4 41. Ra4 Ra8 42. Nf1 Kg5 43. Kg1 Kh4 44. Kh2 Ra7 45. Nd2 Kg5 46.
Kxh3 Ra8 47. Rc4 Ra7 48. Ra4 Ra8 49. Kg2 f6 50. Nc4 Ra7 51. Nxe5 fxe5 52. b4 Kh4 53. c4 Kg5 54. Kf2 Ra8 55. Ke2 Kh4 56. bxa5 bxa5 57. Kd2 Kg3 58. Ra3 a4 59. Kc2 Kf2 60. Kb2 Ke2 61. Rc3 Kd2 62. c5 dxc5 63. Rxc5 a3+ 64. Ka2 Ke2 65. Rc3 Kd2 66. Rxa3 Rb8 67. Rb3 Kc2 68. b6 cxb6 69. d6 Ra8+ 70. Ra3 Rd8 71.
Ra7 Rxd6 72. Re7 Rd4 73. Ka3 Rd3+ 74. Kb4 Rxf3 75. Rxe5 Rg3 76. g5 Kd3 77. Kb5 f3 78. Kxb6 Kd4 79. Re6 Rxg5 80. Kc6 Ke3 81. e5 f2 82. Rf6 Rxe5 83. Kd6 Re4 0-1

[Event "*** Titled Tuesday Blitz"]
[Site "Chess.com"]
[Date "2021.02.09"]
[Round "10"]
[White "Alindsay211"]
[Black "dozer80"]
[Result "1-0"]
[WhiteElo "2463"]
[BlackElo "2616"]
[TimeControl "180+1"]
[EndTime "11:57:05 PST"]
[Termination "Alindsay211 won by checkmate"]

1. d4 d5 2. Bf4 g6 3. h4 h6 4.
e3 Bg7 5. Nd2 c5 6. c3 Nc6 7. dxc5 e5 8. Bh2 Nf6 9. Bb5 Ng4 10. Bg3 O-O 11. Ngf3 Qe7 12. O-O f5 13. b4 Be6 14. Nh2 Nxh2 15. Bxh2 Bf7 16. Nf3 g5 17. hxg5 hxg5 18. Qc2 g4 19. Ne1 Bg6 20. f3 Qg5 21. f4 Qh4 22. Qf2 Qxf2+ 23. Kxf2 exf4 24. Bxf4 Bxc3 25. Rc1 Bxb4 26. Nd3 a5 27. Bd6 Rfe8 28.
Nf4 Bf7 29. Rfd1 d4 30. exd4 Re4 31. d5 Ne5 32. Ne6 f4 33. Ng5 g3+ 34. Kf1 Re3 35. Nxf7 Kxf7 36. Rd4 Ng6 37. Bd7 Kf6 38. Bxf4 Nxf4 39.
Rxf4+ Kg5 40. Rf5+ Kg6 41. Rf3 Rxf3+ 42. gxf3 Kg5 43.
Kg2 Kf4 44. Rc4+ Ke5 45. Kxg3 Kxd5 46. Rf4 Bxc5 47. Rf5+ Kd6 48. a4 Rg8+ 49. Kf4 b6 50. Rf7 Bb4 51. Ke4 Rg5 52. f4 Rg1 53. Bb5 Re1+ 54.
Kf5 Bd2 55. Rd7+ Kc5 56. Rxd2 Re7 57. Rc2+ Kd4 58. Rc6 Rf7+ 59. Rf6 Rc7 60. Rxb6 Rc5+ 61. Kf6 Rc1 62. f5 Rf1 63. Rd6+ Kc5 64. Re6 Rf2 65. Kg6 Rg2+ 66. Kf7 Rf2 67. f6 Rf4 68. Rc6+ Kd5 69. Kg7 Rg4+ 70. Kf8 Rf4 71. f7 Kd4 72. Re6 Kc3 73.
Ke7 Rh4 74. f8=Q Rh7+ 75. Qf7 Rxf7+ 76. Kxf7 Kb4 77. Ra6 Ka3 78. Rxa5 Kb2 79. Ra8 Kc3 80. Re8 Kb4 81. Re2 Ka5 82. Ke6 Kb6 83. Be8 Ka5 84.
Bh5 Kb6 85. Kd5 Ka5 86. Kc6 Kxa4 87. Rb2 Ka3 88. Rb8 Ka4 89. Kc5 Ka3 90. Kc4 Ka4 91.
Ra8# 1-0

[Event "*** Titled Tuesday Blitz"]
[Site "Chess.com"]
[Date "2021.02.09"]
[Round "10"]
[White "ckgchess"]
[Black "csati17"]
[Result "0-1"]
[WhiteElo "2714"]
[BlackElo "2601"]
[TimeControl "180+1"]
[EndTime "11:57:14 PST"]
[Termination "csati17 won by checkmate"]

1. e4 e6 2. d3 d5 3. Nd2 Nf6 4.
Ngf3 Bc5 5. g3 dxe4 6. Ng5 e3 7.
fxe3 Bxe3 8. Nde4 Bb6 9. Bg2 Bd7 10. Rf1 Bc6 11. Nxf6+ gxf6 12. Qh5 Qe7 13. Bxc6+ bxc6 14. Ne4 Nd7 15. Bd2 f5 16. Ng5 Nf6 17. Qh4 Ng4 18. O-O-O O-O-O 19. Rde1 h6 20. Nf3 Qxh4 21. Nxh4 Nxh2 22.
Rf4 Ng4 23. Rc4 Kb7 24. Nf3 Bf2 25. Re2 Rd5 26. Bf4 f6 27. Rxe6 Rc5 28. Re7 Rc8 29. Rb4+ Rb5 30. Rc4 Rc5 31. Rxc5 Bxc5 32. Re6 Bd6 33.
Bxd6 cxd6 34. Rxd6 Re8 35. Kd2 Re3 36. Nd4 Rxg3 37.
Nxf5 Rf3 38. Ne7 Kc7 39. Re6 Kd7 40. Re4 h5 41. Ng6 Rf5 42. Ra4 a5 43. Nh4 Rf2+ 44. Kc3 Rh2 45. Nf3 Rf2 46. Nh4 Ne3 47. Rxa5 Rxc2+ 48. Kb3 Rh2 49. Nf3 Rh3 50. Nd4 Nd5 51. Ra7+ Kd6 52.
Nf5+ Ke5 53. Ng7 Rxd3+ 54. Ka4 h4 55. Ra8 Rd4+ 56. Ka3 Rd3+ 57. b3 h3 58. Rh8 Kf4 59.
Ne8 Kg3 60. Ka4 h2 61. Rg8+ Kf2 62. Rh8 Kg2 63. Rxh2+ Kxh2 64. Nd6 Nc3+ 65. Kb4 Nxa2+ 66. Kc5 Rxb3 67. Ne4 f5 68. Nd6 f4 69. Kxc6 f3 70. Ne4 Kg2 71. Kd5 f2 72. Nxf2 Kxf2 73. Kc4 Rc3+ 74. Kd4 Ke2 75. Kd5 Rd3+ 76. Ke4 Nc3+ 77. Kf4 Re3 78. Kf5 Re4 79. Kg5 Ke3 80. Kf5 Kf3 81. Kg5 Rf4 82. Kg6 Ne4 83. Kh5 Rf6 84. Kh4 Rh6# 0-1

[Event "*** Titled Tuesday Blitz"]
[Site "Chess.com"]
[Date "2021.02.09"]
[Round "10"]
[White "wannabe2700"]
[Black "LilRag"]
[Result "1-0"]
[WhiteElo "2762"]
[BlackElo "2602"]
[TimeControl "180+1"]
[EndTime "11:57:18 PST"]
[Termination "wannabe2700 won by checkmate"]

1. e4 c5 2. d4 cxd4 3. Nf3 Nc6 4. Nxd4 Nf6 5. Nc3 d6 6. Bg5 e6 7. Qd2 Qb6 8. O-O-O Nxd4 9. Qxd4 Qxd4 10. Rxd4 a6 11. f3 Bd7 12. Bh4 Bc6 13. Be2 O-O-O 14. Rhd1 Be7 15. a4 Rhe8 16. b4 e5 17. Rc4 Kb8 18.
b5 axb5 19. axb5 Bd7 20. Kb2 Be6 21. Ra4 Rc8 22. Bf2 Kc7 23. b6+ Kd8 24. Ra7 Rb8 25.
Nb5 Kd7 26. Bc5 Kc6 27. Bxd6 Kxb6 28. Bxb8 Rxb8 29. Raa1 Bc5 30. Nd6 Kc7 31. Nc4 Nd7 32. c3 g6 33. Nd2 f5 34. Bc4 Re8 35. Bxe6 Rxe6 36. Nc4 b5 37. Na5 fxe4 38. fxe4 Nf6 39. Nb3 Bb6 40. Re1 Ng4 41. Re2 Nxh2 42. Rh1 Ng4 43.
Rxh7+ Kc6 44. Rg7 Ne3 45. Nd2 Rd6 46. Nf3 Nc4+ 47. Kc1 Bc5 48. Re7 Be3+ 49. Kc2 Bf4 50. Kb3 g5 51. Ra2 Kb6 52. Rea7 Kc5 53. R2a6 Rxa6 54. Rxa6 g4 55. Nh4 Nd2+ 56. Kc2 Nxe4 57. Ng6 Nd6 58. Nxf4 exf4 59. Kd3 Kd5 60. Ra1 Ke5 61. Rb1 Kf5 62. Rb4 Ke5 63. Rd4 Nf5 64. Rb4 Nd6 65. Rd4 g3 66. Ke2 Ke6 67. Kf3 Ke5 68.
Rd3 Nf5 69. Rd1 Ne3 70. Rd4 Nc2 71. Re4+ Kd5 72. Rxf4 Na3 73. Kxg3 Nb1 74. Rf3 Kc4 75. Kf4 Nxc3 76. g4 b4 77. g5 Nb5 78. g6 b3 79.
g7 b2 80. Rf1 Kb4 81. Rb1 Kb3 82. Rxb2+ Kxb2 83. g8=Q Nc3 84. Qc4 Kc2 85. Ke3 Kb2 86. Kd3 Nb1 87. Qc2+ Ka1 88. Ke2 Na3 89. Qb3 Nb1 90.
Qb4 Ka2 91. Kd1 Ka1 92. Kc1 Ka2 93. Qb2# 1-0

[Event "*** Titled Tuesday Blitz"]
[Site "Chess.com"]
[Date "2021.02.09"]
[Round "10"]
[White "Onischuk_V"]
[Black "GMBenjaminBok"]
[Result "1/2-1/2"]
[WhiteElo "2853"]
[BlackElo "2996"]
[TimeControl "180+1"]
[EndTime "11:57:45 PST"]
[Termination "Game drawn by repetition"]

1. e4 c5 2. Ne2 d6 3. g3 g6 4. Bg2 Bg7 5. c3 e5 6. d4 cxd4 7.
cxd4 exd4 8. Nxd4 Nf6 9. Nc3 O-O 10. O-O Re8 11. Re1 Bg4 12. Qb3 Nc6 13. Nxc6 bxc6 14. Bf4 Nh5 15. Be3 Qa5 16. h3 Be6 17. Qc2 Rab8 18. Rac1 Nf6 19. b3 Nd7 20. Na4 c5 21.
Red1 c4 22. bxc4 Rec8 23. Bf1 Ne5 24. c5 dxc5 25. Nxc5 Rb2 26. Nb3 Rbxc2 27. Nxa5 Rxc1 28. Rxc1 Rxc1 29. Bxc1 Bxa2 30. f4 Nd7 31. Be3 Bc3 32.
Nc6 a5 33. Bb5 Kf8 34. Nxa5 Nf6 35. e5 Ne4 36. Nc4 Nxg3 37. Nd6 Nf5 38. Nxf5 gxf5 39. Kf2 Kg7 40. Kg3 Be6 41. Bd3 Be1+ 42. Kf3 Bc3 43. Kf2 Bb4 44. Bc1 Ba5 45. Kg3 Bb6 46. Bd2 Kg6 47. Bb4 Bd8 48. Bf8 Bb6 49. Be2 Ba5 50.
h4 Be1+ 51. Kh3 h5 52. Be7 Bd5 53. Bg5 Be4 54. Kh2 Bf2 55. Kh3 Be1 56. Bb5 Bf3 57. Be8 Kg7 58. Bd7 Kg6 59. e6 fxe6 60. Bxe6 Bg4+ 61.
Kg2 Kg7 62. Bd7 Bc3 63. Kf1 Bd4 64. Ke1 Be3 65. Bc6 Bd4 66. Bd5 Bf6 67. Kd2 Bd4 68.
Kd3 Bf2 69. Kc4 Be2+ 70. Kb4 Bd3 71. Kc3 Bb5 72. Bf3 Be8 73. Kc4 Bf7+ 74. Kb5 Kg6 75.
Kc6 Bd4 76. Kd6 Bc3 77. Kd7 Bb4 78. Bc6 Kg7 79. Kc7 Bc5 80. Kd7 Kg6 81. Bf3 Bb4 82. Kc6 Ba3 83. Bd5 Bxd5+ 84. Kxd5 Bc1 85.
Ke6 Be3 86. Ke5 Bc1 87. Ke6 Bb2 88. Ke7 Bc3 89. Ke6 Bb4 90. Ke5 Bc5 91. Ke6 Bb6 92. Ke5 Bc7+ 93. Ke6 Bb8 94. Ke7 Ba7 95. Ke6 Bb6 96.
Ke5 Ba5 97. Ke6 Be1 98. Ke7 Bc3 99. Ke6 Bb2 100. Ke7 Bc3 1/2-1/2

[Event "*** Titled Tuesday Blitz"]
[Site "Chess.com"]
[Date "2021.02.09"]
[Round "10"]
[White "Chesswizard_2007"]
[Black "AttilaTurzo"]
[Result "1-0"]
[WhiteElo "2682"]
[BlackElo "2531"]
[TimeControl "180+1"]
[EndTime "11:57:57 PST"]
[Termination "Chesswizard_2007 won on time"]

1. c4 c6 2. Qa4 d5 3. cxd5 Qxd5 4. Nc3 Qd8 5. Nf3 Nf6 6. d4 Bf5 7. Bg5 Nbd7 8. e3 e6 9. Be2 Be7 10. O-O h6 11. Bh4 O-O 12. Rfd1 Ne4 13. Bxe7 Qxe7 14. Nxe4 Bxe4 15. Rac1 a6 16. Qb3 c5 17. dxc5 Nxc5 18. Qa3 Rac8 19. Rd4 Bxf3 20. Bxf3 b6 21. Rdc4 a5 22. g3 Qf6 23. Kg2 Rcd8 24. Qc3 Qxc3 25.
R1xc3 Rd2 26. b4 axb4 27. Rxb4 Nd3 28. Rxd3 Rxd3 29. Rxb6 Ra3 30. Rb2 Rc8 31. Bd1 g6 32. Bb3 Ra7 33. Rd2 Kf8 34. h4 h5 35. Rd4 Ke7 36.
Kf3 Rd7 37. Rb4 Rc5 38. Ke2 Rcc7 39. Rb8 Rb7 40. Ra8 Rd8 41. Ra4 Rbd7 42. Kf3 Rd2 43. Ra7+ R8d7 44. Ra4 Rc7 45. Rf4 Rc5 46. a4 Rf5 47.
Bc4 Rxf4+ 48. exf4 Rd4 49. Bb5 Rb4 50. Kg2 Kd6 51.
Kf3 Rb3+ 52. Kg2 Kc5 53. Be8 Rb7 54. Kf3 Re7 55. Bb5 Kd4 56. a5 Ra7 57. a6 Kc5 58. Bf1 Rd7 59. Ke3 Rd4 60. Bg2 Ra4 61. Bb7 Ra3+ 62.
Ke4 f6 63. Bc8 Ra4+ 64. Kf3 Kd6 65. Bb7 e5 66. fxe5+ Kxe5 67. Kg2 Ra3 68. Bc8 g5 69.
Kh3 Ra4 70. hxg5 fxg5 71. Bb7 h4 72. gxh4 Rxh4+ 73. Kg3 Ra4 74. f3 Kf5 75. Bc8+ Ke5 76. Bb7 Kf6 77. Kh3 Kg6 78. Kg3 Kh5 79. Bc8 Ra3 80.
Kf2 Kh4 81. Ke2 Kg3 82. Bb7 Kf4 83. Kd2 Ke5 84. Kc2 Kd4 85. Kb2 Ra5 86. Kb3 Kc5 87. Kc3 Ra3+ 88. Kd2 Kd4 89. Ke2 Ra2+ 90. Kd1 Kd3 91.
Kc1 Kc3 92. Kb1 Ra3 93. Bc8 Ra5 94. Bb7 Rb5+ 95. Kc1 1-0